 Dungeon Sprint DCSS version 0.18.1-50-g88ac8fd (webtiles) character file.

3400000 varam the Conqueror (level 19, -26/207 HPs)
             Began as a Minotaur Berserker on Oct 10, 2016.
             Was a Believer of Trog.
             Annihilated by a bag of meat
             ... wielding a +9 war axe
              (40 damage)
             ... in the Dungeon (Sprint VIII: "Arena of Blood").
             The game lasted 00:02:35 (34 turns).

varam the Conqueror (Minotaur Berserker)              Turns: 34, Time: 00:02:35

Health: -26/207    AC:  4    Str: 29    XL:     19   Next: 94%
Magic:  17/34      EV: 26    Int:  4    God:    Trog [**....]
Gold:   0          SH:  0    Dex: 11    Spells: 0 memorised, 43 levels left

rFire  . . .     SeeInvis .     j - +∞ Axe of Woe
rCold  . . .     Gourm    .     b - +0 animal skin
rNeg   . . .     Faith    .     (shield currently unavailable)
rPois  .         Spirit   .     (helmet restricted)
rElec  .         Dismiss  .     (no cloak)
rCorr  .         Reflect  .     (no gloves)
SustAt .         Harm     .     (no boots)
MR     +++..     NoTele   +     (no amulet)
Stlth  +++++++...               (no ring)
                                (no ring)

@: exhausted, regenerating, slowed, very slow, extremely resistant to hostile
enchantments, extremely stealthy
A: retaliatory headbutt, horns 2
a: Berserk, Trog's Hand, Burn Spellbooks, Renounce Religion


You were in the Dungeon.
You worshipped Trog.
Trog was pleased with you.
You were not hungry.

You visited 1 branch

Inventory:

Hand Weapons
 a - a +0 hand axe
 j - the +∞ Axe of Woe (weapon)
   (You found it in the Dungeon)
Armour
 b - a +0 animal skin (worn)
Scrolls
 i - a scroll of blinking
Potions
 d - a potion of curing
 f - a potion of haste
 g - 2 potions of magic
 h - a potion of berserk rage
Comestibles
 c - a bread ration


   Skills:
 O Level 27 Fighting
 O Level 27 Axes
 O Level 27 Throwing
 O Level 27 Armour
 O Level 27 Dodging
 + Level 25.5 Stealth
 O Level 27 Unarmed Combat
 - Level 12.7 Spellcasting


You had 43 spell levels left.
You didn't know any spells.

Dungeon Overview and Level Annotations

Branches:
Dungeon (1/1)

Altars:
Makhleb

Annotations:
D The Servant


Innate Abilities, Weirdness & Mutations

You reflexively headbutt those who attack you in melee.
You have a pair of horns on your head.


Message History

Unknown command.
You are too injured to fight recklessly!
Unknown command.
The destroyer shouts!
You hit the destroyer but do no damage.
You cleave the destroyer in twain.
You destroy the destroyer!
Trog appreciates your killing of a magic user.
You have mastered Throwing!
Your Stealth skill gained 3 levels and is now at level 25!
You hear a shout! x15
You are too injured to fight recklessly!
Your skin crawls.
You feel resistant to hostile enchantments.
You feel slightly more hungry.
You hear a shout! x5
The bag of meat hits you with a +9 war axe!!
* * * LOW HITPOINT WARNING * * *
You hear a shout! x7
The bag of meat hits you with a +9 war axe!!!
You die...

......... .........
#...o...# ..
#.......# ...###...
...###. .
.o......###........
#......o._.........
......#o))..#......
..... #@o<)_# .....
......#).)).#......
#.....o)._.........
.......@###........
...###.Vo ...###...
.. #.......# O.
#.......# ........o
...........


You could see The Servant, a destroyer and 5 bags of meat.

Vanquished Creatures
  A vampire knight (D)
  7 ogres (D)
  8 orcs (D)
16 creatures vanquished.

Notes
Turn   | Place    | Note
--------------------------------------------------------------
     0 | D        | varam the Minotaur Berserker began the quest for the Orb.
     0 | D        | Reached XP level 1. HP: 19/19 MP: 0/0
     2 | D        | Noticed a bag of meat
     3 | D        | Noticed a bag of meat
     4 | D        | Noticed a bag of meat
     4 | D        | Noticed a bag of meat
     4 | D        | Noticed a bag of meat
     8 | D        | Noticed a meat berserker
     9 | D        | Noticed a bag of meat
    11 | D        | Killed a bag of meat
    11 | D        | Reached skill level 10 in Dodging
    11 | D        | Reached XP level 2. HP: 31/57 MP: 1/1
    11 | D        | Reached XP level 3. HP: 35/64 MP: 2/2
    11 | D        | Reached XP level 4. HP: 39/72 MP: 3/3
    11 | D        | Reached XP level 5. HP: 44/80 MP: 4/4
    11 | D        | Reached XP level 6. HP: 48/88 MP: 5/5
    11 | D        | Reached XP level 7. HP: 52/95 MP: 6/6
    11 | D        | Reached XP level 8. HP: 57/103 MP: 7/7
    11 | D        | Reached XP level 9. HP: 61/111 MP: 8/8
    11 | D        | Reached XP level 10. HP: 65/118 MP: 9/9
    11 | D        | Reached XP level 11. HP: 69/126 MP: 10/10
    11 | D        | Killed a bag of meat
    11 | D        | Reached ** piety under Trog
    11 | D        | Reached XP level 12. HP: 77/140 MP: 11/11
    11 | D        | Killed a bag of meat
    11 | D        | Reached XP level 13. HP: 85/154 MP: 12/12
    11 | D        | Killed a bag of meat
    11 | D        | Reached skill level 15 in Armour
    11 | D        | Reached XP level 14. HP: 91/166 MP: 13/13
    11 | D        | Killed a bag of meat
    11 | D        | Reached *** piety under Trog
    11 | D        | Reached skill level 27 in Fighting
    11 | D        | Reached skill level 27 in Axes
    12 | D        | Noticed a bag of meat
    13 | D        | Noticed a meat berserker
    14 | D        | Noticed a bag of meat
    14 | D        | Noticed a bag of meat
    14 | D        | Killed a meat berserker
    14 | D        | Reached XP level 15. HP: 145/174 MP: 14/14
    15 | D        | Noticed a meat berserker
    16 | D        | Killed a meat berserker
    16 | D        | Reached XP level 16. HP: 153/183 MP: 15/15
    18 | D        | Noticed a meat berserker
    19 | D        | Reached **** piety under Trog
    19 | D        | Reached skill level 27 in Armour
    19 | D        | Reached skill level 27 in Dodging
    20 | D        | Reached skill level 5 in Spellcasting
    22 | D        | Killed a meat berserker
    22 | D        | Reached XP level 17. HP: 159/191 MP: 15/29
    23 | D        | Noticed a meat berserker
    23 | D        | Noticed a meat berserker
    23 | D        | Reached skill level 15 in Unarmed Combat
    23 | D        | Reached skill level 10 in Spellcasting
    25 | D        | Noticed a meat berserker
    26 | D        | Killed a meat berserker
    26 | D        | Reached skill level 15 in Stealth
    26 | D        | Reached XP level 18. HP: 98/200 MP: 15/33
    29 | D        | Killed a meat berserker
    29 | D        | Killed a meat berserker
    29 | D        | Reached skill level 27 in Unarmed Combat
    29 | D        | Reached XP level 19. HP: 19/207 MP: 16/34
    30 | D        | Noticed a destroyer
    31 | D        | Noticed The Servant
    31 | D        | Killed a meat berserker
    33 | D        | Noticed a destroyer
    33 | D        | Killed a destroyer
    33 | D        | Reached skill level 27 in Throwing
    34 | D        | Annihilated by a bag of meat

Skill      XL: |  1  2  3  4  5  6  7  8  9 10 11 12 13 14 15 16 17 18 19 |
---------------+----------------------------------------------------------+-----
Fighting       | 20 23 25 26 27 | 27.0
Axes           | 20 23 25 26 27 | 27.0
Armour         | 12 13 14 15 23 26 27 | 27.0
Dodging        | 10 12 13 14 22 25 27 | 27.0
Throwing       | 12 17 20 27 | 27.0
Stealth        | 11 15 19 25 | 25.5
Unarmed Combat | 13 18 27 | 27.0
Spellcasting   | 9 12 | 12.7

Action                   |  1- 3 |  4- 6 |  7- 9 | 10-12 | 13-15 | 16-18 | 19-21 || total
-------------------------+-------+-------+-------+-------+-------+-------+-------++-------
Melee: Executioner's axe |     1 |       |       |       |     2 |     6 |     2 ||    11
Invok: Berserk           |       |       |       |       |     1 |       |       ||     1
       Trog's Hand       |       |       |       |       |       |       |     1 ||     1
  Use: Potion            |       |       |       |       |       |       |     1 ||     1
Dodge: Dodged            |       |       |       |       |     1 |       |       ||     1
